Workbook
Name \a: [1]BASE!#REF!
Name ET: #REF!
Name MATEYDIMNO: '[2]TABLAS PARA CALCULOS'!$Q$3:$Q$28
Name PRE: [1]BASE!#REF!

Sheet RESUMEN
A4: RESUMEN DEL PRESUPUESTO OFICIAL
A6: Item | B6: DESCRIPCION | C6: Unidad | D6: Cantidad | E6: Valor unitario | F6: Valor total
A7: 1 | B7: Limpieza de canales Primarios de drenaje con retroexcavadora de barzo largo. Incluye impieza de vegetacion, roceria, desmonte y´perfilada de taludes. | C7: m | D7: 60500 | E7: 15103 | F7: =D7*E7 -> 913731500
A8: 2 | B8: Limpieza de canales secundarios de drenaje con retroexcavadora de brazo largo. Incluye impieza de vegetacion, roceria, desmonte y´perfilada de taludes. | C8: m | D8: 38600 | E8: 11201 | F8: =D8*E8 -> 432358600
A9: 3 | B9: Limpieza de canales terciarios de drenaje con retroexcavadora de brazo largo. Incluye impieza de vegetacion, roceria, desmonte y´perfilada de taludes. | C9: m | D9: 62907.3 | E9: =E8 -> 11201 | F9: =D9*E9 -> 7.0462467e+08
A10: 4 | B10: Construccion de puentes peatonales en concreto | C10: m | D10: 200 | E10: 1736999.5 | F10: =D10*E10 -> 347399896
A11: 5 | B11: Suministro e instalacion de compuertas según especificaciones | C11: Un | D11: 6 | E11: 25000000 | F11: =D11*E11 -> 150000000
A12: 6 | B12: Relleno de sacos con material seleccionado | C12: Un | D12: 10000 | E12: 5000 | F12: =D12*E12 -> 50000000
B13: VALOR OBRA COSTO DIRECTO | F13: =ROUND(SUM(F7:F12),0) -> 2598114663
B14: ADMINISTRACION | C14: 0.22 | F14: =F13*C14 -> 5.7158523e+08
B15: IMPREVISTOS | C15: 0.03 | F15: =F13*C15 -> 77943440
B16: UTILIDAD | C16: 0.05 | F16: =F13*C16 -> 1.2990573e+08
B17: VALOR TOTAL OBRA | F17: =F13+F14+F15+F16 -> 3.3775491e+09
B19: COSTO TOTAL PROYECTO | F19: =F17+F18 -> 3.3775491e+09

Sheet PRESUPUESTO MANATI
A5: PRESUPUESTO DE INTERVENCION DE CANALES DE DRENAJE MANATI
A7: Localización | B7: Unidad | C7: Longitud Canal | D7: Valor unitario ($/ML) | E7: Valor total
A8: Canal Interceptor Occidental | B8: m. | C8: 15000 | D8: 15103 | E8: =D8*C8 -> 226545000
A9: Canal Interceptor Oriental | B9: m. | C9: 15000 | D9: 15103 | E9: =D9*C9 -> 226545000
A10: Canal M | B10: m. | C10: 7800 | D10: 15103 | E10: =D10*C10 -> 117803400
A11: Canal M 1-3 | B11: m. | C11: 3700 | D11: 11201 | E11: =D11*C11 -> 41443700
A12: Canal VI | B12: m. | C12: 4100 | D12: 11201 | E12: =D12*C12 -> 45924100
A13: Canal VI- 1 | B13: m. | C13: 1400 | D13: 11201 | E13: =D13*C13 -> 15681400
A14: Canal VI- 2 | B14: m. | C14: 1700 | D14: 11201 | E14: =D14*C14 -> 19041700
A15: Canal VI- 3 | B15: m. | C15: 1000 | D15: =D13 -> 11201 | E15: =D15*C15 -> 11201000
A16: Canal V-1 | B16: m. | C16: 1400 | D16: =D14 -> 11201 | E16: =D16*C16 -> 15681400
A17: Canal V-2 | B17: m. | C17: 2500 | D17: =D15 -> 11201 | E17: =D17*C17 -> 28002500
A18: Canal V- 3 | B18: m. | C18: 1100 | D18: =D16 -> 11201 | E18: =D18*C18 -> 12321100
A19: Canal V-4 | B19: m. | C19: 1800 | D19: =D17 -> 11201 | E19: =D19*C19 -> 20161800
A20: Canal V-5 | B20: m. | C20: 1200 | D20: =D18 -> 11201 | E20: =D20*C20 -> 13441200
A21: Canal V-6 | B21: m. | C21: 1500 | D21: =D19 -> 11201 | E21: =D21*C21 -> 16801500
A22: Canal IV | B22: m. | C22: 5500 | D22: 11201 | E22: =D22*C22 -> 61605500
A23: Canal III | B23: m. | C23: 19000 | D23: 11201 | E23: =D23*C23 -> 212819000
A24: Canal III-1 | B24: m. | C24: 1200 | D24: 11201 | E24: =D24*C24 -> 13441200
A25: Canal III-2 | B25: m. | C25: 1000 | D25: 11201 | E25: =D25*C25 -> 11201000
A26: Canal III-3 | B26: m. | C26: 1400 | D26: 11201 | E26: =D26*C26 -> 15681400
A27: Canal III-4 | B27: m. | C27: 1100 | D27: 11201 | E27: =D27*C27 -> 12321100
A28: Canal III-5 | B28: m. | C28: 900 | D28: 11201 | E28: =D28*C28 -> 10080900
A29: Canal II | B29: m. | C29: 3500 | D29: 11201 | E29: =D29*C29 -> 39203500
A30: Canal II-1 | B30: m. | C30: 1300 | D30: 11201 | E30: =D30*C30 -> 14561300
A31: Canal II-2 | B31: m. | C31: 1100 | D31: 11201 | E31: =D31*C31 -> 12321100
A32: Canal II-3 | B32: m. | C32: 1000 | D32: 11201 | E32: =D32*C32 -> 11201000
A33: Canal II-4 | B33: m. | C33: 1300 | D33: 11201 | E33: =D33*C33 -> 14561300
A34: Canal II-5 | B34: m. | C34: 1500 | D34: 11201 | E34: =D34*C34 -> 16801500
A36: TOTAL | B36: ml | C36: =SUM(C8:C35) -> 99000 | E36: =SUM(E8:E35) -> 1256394600
A38: CANAL PRIMARIOS | B38: =C8+C9+C10 -> 37800
A39: CANAL SECUNDARIO | B39: =C12+C22+C23+C29 -> 32100
A40: CANAL TERCIARIO | B40: =C11+C13+C14+C15+C16+C17+C18+C19+C20+C21+C24+C25+C26+C27+C28+C30+C31+C32+C33+C34 -> 29100

Sheet PRESUPUESTO SANTA LUCIA 
A2: PRESUPUESTO INTERVENCION CANALES DE DRENAJE DE SANTA LUCÍA
A4: Localización | B4: Unidad | C4: Longitud Canal | D4: Valor unitario ($/ML) | E4: Valor total
A5: Canal Principal | B5: m. | C5: =19400 -> 19400 | D5: 15103 | E5: =C5*D5 -> 292998200
A6: Canal de Aducción Boquitas | B6: m. | C6: 3300 | D6: 15103 | E6: =C6*D6 -> 49839900
A7: Canal R1 | B7: m. | C7: 2000 | D7: 11201 | E7: =C7*D7 -> 22402000
A8: Canal III A | B8: m. | C8: 6500 | D8: 11201 | E8: =C8*D8 -> 72806500
A9: Canal III A-1 | B9: m. | C9: 3500 | D9: 11201 | E9: =C9*D9 -> 39203500
A10: Canal III A-1-1 | B10: m. | C10: 2200 | D10: 11201 | E10: =C10*D10 -> 24642200
A11: Canal III A-1-2 | B11: m. | C11: 2500 | D11: 11201 | E11: =C11*D11 -> 28002500
A12: Canal III A-2 | B12: m. | C12: 3400 | D12: 11201 | E12: =C12*D12 -> 38083400
A13: Canal III A-3 | B13: m. | C13: 2000 | D13: 11201 | E13: =C13*D13 -> 22402000
A14: Canal III A-4 | B14: m. | C14: 1500 | D14: 11201 | E14: =C14*D14 -> 16801500
A15: Canal Lateral III-1 | B15: m. | C15: 1300 | D15: 11201 | E15: =C15*D15 -> 14561300
A16: Canal Lateral III-2 | B16: m. | C16: 1300 | D16: 11201 | E16: =C16*D16 -> 14561300
A17: Canal Lateral III-3 | B17: m. | C17: 2400 | D17: 11201 | E17: =C17*D17 -> 26882400
... A21: Canal Lateral III-7 | B21: m. | C21: 1800 | D21: 11201 | E21: =C21*D21 -> 20161800
A22: Canal Lateral III-8 | B22: m. | C22: =643*1.1 -> 707.3 | D22: 11201 | E22: =C22*D22 -> 7922467.3
A23: Canal Lateral III-9 | B23: m. | C23: 1300 | D23: 11201 | E23: =C23*D23 -> 14561300
A24: Canal Lateral III-10 | B24: m. | C24: 1100 | D24: 11201 | E24: =C24*D24 -> 12321100
A25: Canal Lateral III-11 | B25: m. | C25: 700 | D25: 11201 | E25: =C25*D25 -> 7840700
A27: TOTAL | B27: ml | C27: =SUM(C5:C26) -> 63007.3 | E27: =SUM(E5:E26) -> 7.9432017e+08
A30: CANAL PRIMARIOS | B30: =C5+C6 -> 22700
A31: CANAL SECUNDARIO | B31: =C8 -> 6500
A32: CANAL TERCIARIO | B32: =C7+C9+C10+C11+C12+C13+C14+C15+C16+C17+C18+C19+C20+C21+C22+C23+C24+C25 -> 33807.3

Sheet PRESUPUESTO RESUMEN 
A3: PRESUPUESTO RESUMEN INTERVENCION CANALES DE DRENAJE SANTA LUCÍA Y MANATI
A5: Localización | B5: Unidad | C5: Longitud Canal | D5: Valor unitario ($/ML) | E5: Valor total
A6: CANALES PRIMARIOS | B6: m. | C6: ='PRESUPUESTO MANATI'!B38+'PRESUPUESTO SANTA LUCIA '!B30 -> 60500 | D6: 15103 | E6: =C6*D6 -> 913731500
A7: CANALES SECUNDARIOS | B7: m. | C7: ='PRESUPUESTO MANATI'!B39+'PRESUPUESTO SANTA LUCIA '!B31 -> 38600 | D7: 11201 | E7: =C7*D7 -> 432358600
A8: CANALES TERCIARIOS | B8: m. | C8: ='PRESUPUESTO MANATI'!B40+'PRESUPUESTO SANTA LUCIA '!B32 -> 62907.3 | D8: 11201 | E8: =C8*D8 -> 7.0462467e+08

Sheet APU - LIMPIEZA DE CANALES PRIMA
E3: ANÁLISIS DE PRECIOS UNITARIOS - A.P.U.
B7: OBJETO:
B9: ITEM: | F9: ML
B11: 1. COSTOS DIRECTOS
B13: I. EQUIPO
B14: Descripción | E14: Tipo | F14: Tarifa/hr | G14: Rendimiento (Ml) | I14: Valor-Unit. | J14: VR. TOTAL
B15: HERRAMIENTA MENOR (10%MO) | J15: =+I15 -> 0
B16: RETRO EXCAVADORA BRAZO LARGO | F16: 371000 | G16: 24.564656 | I16: =F16/G16 -> 15103 | J16: =F16/G16 -> 15103
I17: Sub-Total | J17: =SUM(J15:J16) -> 15103
B19: II. MATERIALES EN OBRA
B20: Descripción | E20: Unidad | F20: Cantidad | G20: Precio-Unit. | H20: Desp. | I20: Valor-Unit. | J20: VR. TOTAL
J22: =+I22 -> 0
J23: =+I23 -> 0
J24: =+I24 -> 0
J25: =+I25 -> 0
I26: Sub-Total | J26: =SUM(J21:J25) -> 0
B28: III. TRANSPORTES
B29: Recurso | C29: Unidad | D29: Vol. Peso ó Cant. | E29: Distancia (Km) | F29: Und-Km | G29: Tarifa/Und-km | I29: Valor-Unit. | J29: VR. TOTAL
B30: Camabaja | C30: VJ | J30: =+I30 -> 0
I35: Sub-Total | J35: =SUM(J30:J34) -> 0
B37: IV. MANO DE OBRA
B38: Trabajador | D38: Jornal | E38: Prestaciones | F38: Jornal Total | G38: Rendimiento | I38: Valor-Unit. | J38: VR. TOTAL
B39: OFICIAL | D39: 65000 | E39: 0.25 | F39: =+(D39*E39)+D39 -> 81250 | J39: =+I39 -> 0
B40: AYUDANTE | D40: 70000 | E40: 0.25 | F40: =+(D40*E40)+D40 -> 87500 | J40: =+I40 -> 0
I41: Sub-Total | J41: =SUM(J39:J40) -> 0
G43: TOTAL COSTOS DIRECTOS | J43: =SUM(J41,J35,J26,J17) -> 15103
B45: 2. COSTOS INDIRECTOS
B47: ELABORO: | C47: REVISÓ: | E47: APROBÓ: | G47: CONCEPTO | I47: % C.D. | J47: VALOR
G49: ADMINISTRACION | J49: =+I49*J43 -> 0
B51: FIRMA AUTORIZADA | G51: IMPREVISTOS | J51: =+I51*J43 -> 0
G53: UTILIDAD | J53: =+I53*J43 -> 0
G55: TOTAL COSTOS INDIRECTOS | J55: =SUM(J49,J51,J53) -> 0
G57: VALOR TOTAL | J57: =+J55+J43 -> 15103

Sheet APU - SACOS PEQUEÑOS 
E3: ANÁLISIS DE PRECIOS UNITARIOS - A.P.U.
B7: OBJETO:
B9: ITEM: Relleno de sacos con material seleccionado | F9: UND
B11: 1. COSTOS DIRECTOS
B13: I. EQUIPO
B14: Descripción | E14: Tipo | F14: Tarifa/hr | G14: Rendimiento (Ml) | I14: Valor-Unit. | J14: VR. TOTAL
B15: HERRAMIENTA MENOR (10%MO) | I15: 300 | J15: =+I15 -> 300
I17: Sub-Total | J17: =SUM(J15:J16) -> 300
B19: II. MATERIALES EN OBRA
B20: Descripción | E20: Unidad | F20: Cantidad | G20: Precio-Unit. | H20: Desp. | I20: Valor-Unit. | J20: VR. TOTAL
B21: material seleccionado | E21: m3 | F21: 0.028 | G21: 45000 | I21: =G21*F21 -> 1260 | J21: =I21 -> 1260
B22: saco de 50 kg | E22: Und | F22: 1 | G22: 2100 | I22: =G22 -> 2100 | J22: =+I22 -> 2100
J23: =+I23 -> 0
J24: =+I24 -> 0
J25: =+I25 -> 0
I26: Sub-Total | J26: =SUM(J21:J25) -> 3360
B28: III. TRANSPORTES
B29: Recurso | C29: Unidad | D29: Vol. Peso ó Cant. | E29: Distancia (Km) | F29: Und-Km | G29: Tarifa/Und-km | I29: Valor-Unit. | J29: VR. TOTAL
B30: Camabaja | C30: VJ | J30: =+I30 -> 0
I35: Sub-Total | J35: =SUM(J30:J34) -> 0
B37: IV. MANO DE OBRA
B38: Trabajador | D38: Jornal | E38: Prestaciones | F38: Jornal Total | G38: Rendimiento | I38: Valor-Unit. | J38: VR. TOTAL
B39: OFICIAL | D39: 65000 | E39: 0.25 | F39: =+(D39*E39)+D39 -> 81250 | G39: 60.634328 | I39: =F39/G39 -> 1340 | J39: =+I39 -> 1340
B40: AYUDANTE | D40: 70000 | E40: 0.25 | F40: =+(D40*E40)+D40 -> 87500 | J40: =+I40 -> 0
I41: Sub-Total | J41: =SUM(J39:J40) -> 1340
G43: TOTAL COSTOS DIRECTOS | J43: =SUM(J41,J35,J26,J17) -> 5000
B45: 2. COSTOS INDIRECTOS
B47: ELABORO: | C47: REVISÓ: | E47: APROBÓ: | G47: CONCEPTO | I47: % C.D. | J47: VALOR
G49: ADMINISTRACION | J49: =+I49*J43 -> 0
B51: FIRMA AUTORIZADA | G51: IMPREVISTOS | J51: =+I51*J43 -> 0
G53: UTILIDAD | J53: =+I53*J43 -> 0
G55: TOTAL COSTOS INDIRECTOS | J55: =SUM(J49,J51,J53) -> 0
G57: VALOR TOTAL | J57: =+J55+J43 -> 5000

Sheet APU - LIMPIEZA DE CANALE SEC 
E3: ANÁLISIS DE PRECIOS UNITARIOS - A.P.U.
B7: OBJETO:
B9: ITEM: Limpieza de canales secundarios y terciarios de drenaje con retroexcavadora de brazo largo. Incluye impieza de vegetacion, roceria, desmonte y´perfilada de taludes.No incluye disposicion final a sitio autorizado. | F9: ml
B11: 1. COSTOS DIRECTOS
B13: I. EQUIPO
B14: Descripción | E14: Tipo | F14: Tarifa/hr | G14: Rendimiento (Ml) | I14: Valor-Unit. | J14: VR. TOTAL
B15: HERRAMIENTA MENOR (10%MO) | J15: =+I15 -> 0
B16: RETRO EXCAVADORA BRAZO CORTO | F16: 235000 | G16: 20.980271 | I16: =F16/G16 -> 11200.999 | J16: =+I16 -> 11200.999
I17: Sub-Total | J17: =SUM(J15:J16) -> 11200.999
B19: II. MATERIALES EN OBRA
B20: Descripción | E20: Unidad | F20: Cantidad | G20: Precio-Unit. | H20: Desp. | I20: Valor-Unit. | J20: VR. TOTAL
J22: =+I22 -> 0
J23: =+I23 -> 0
J24: =+I24 -> 0
J25: =+I25 -> 0
I26: Sub-Total | J26: =SUM(J21:J25) -> 0
B28: III. TRANSPORTES
B29: Recurso | C29: Unidad | D29: Vol. Peso ó Cant. | E29: Distancia (Km) | F29: Und-Km | G29: Tarifa/Und-km | I29: Valor-Unit. | J29: VR. TOTAL
B30: Camabaja | C30: VJ | J30: =+I30 -> 0
I35: Sub-Total | J35: =SUM(J30:J34) -> 0
B37: IV. MANO DE OBRA
B38: Trabajador | D38: Jornal | E38: Prestaciones | F38: Jornal Total | G38: Rendimiento | I38: Valor-Unit. | J38: VR. TOTAL
B39: OFICIAL | D39: 65000 | E39: 0.25 | F39: =+(D39*E39)+D39 -> 81250 | G39: 5 | J39: =+I39 -> 0
B40: AYUDANTE | D40: 70000 | E40: 0.25 | F40: =+(D40*E40)+D40 -> 87500 | G40: 5 | J40: =+I40 -> 0
I41: Sub-Total | J41: =SUM(J39:J40) -> 0
G43: TOTAL COSTOS DIRECTOS | J43: =SUM(J41,J35,J26,J17) -> 11200.999
B45: 2. COSTOS INDIRECTOS
B47: ELABORO: | C47: REVISÓ: | E47: APROBÓ: | G47: CONCEPTO | I47: % C.D. | J47: VALOR
G49: ADMINISTRACION | J49: =+I49*J43 -> 0
B51: FIRMA AUTORIZADA | G51: IMPREVISTOS | J51: =+I51*J43 -> 0
G53: UTILIDAD | J53: =+I53*J43 -> 0
G55: TOTAL COSTOS INDIRECTOS | J55: =SUM(J49,J51,J53) -> 0
G57: VALOR TOTAL | J57: =+J55+J43 -> 11200.999

Sheet APU COMPUERTAS NUEVAS 
A3: REPUBLICA DE COLOMBIA | E3: ANÁLISIS DE PRECIOS UNITARIOS
A7: ITEM: Suministro e instalacion de compuertas según especificaciones . | G7: UNIDAD : UND
A9: I. EQUIPO
A10: Descripción | D10: Tipo | E10: Tarifa/Hora | F10: Rendimiento | G10: Valor-Unit.
A11: Planta electrica | D11: GL | G11: 600000
A12: Cortadora | D12: GL | G12: 500000
A13: Herramientas Menores | D13: GL | G13: 200000
G15: Sub-Total | H15: =SUM(G11:G13,) -> 1300000
A16: II. MATERIALES EN OBRA
A17: Descripción | D17: Unidad | E17: Precio-Unit. | F17: Cantidad | G17: Valor-Unit.
A18: Lamina de hierro 12 mm | D18: UND | E18: 2600000 | F18: 1.5 | G18: =F18*E18 -> 3900000
A19: Angulos en hierro 3/8x3x6 | D19: UND | E19: 370000 | F19: 12 | G19: =F19*E19 -> 4440000
A20: Disco de corte 4x4 | D20: UND | E20: 7000 | F20: 12 | G20: =F20*E20 -> 84000
A21: Tubo de 2,5" calibre 11mm | D21: UND | E21: 270000 | F21: 1 | G21: =F21*E21 -> 270000
A22: soldadura 6011x1/8 | D22: KG | E22: 14000 | F22: 15 | G22: =F22*E22 -> 210000
A23: soldadura 7011x1/8 | D23: KG | E23: 15000 | F23: 10 | G23: =F23*E23 -> 150000
A24: Tornilleria | D24: UND | E24: 2200 | F24: 150 | G24: =F24*E24 -> 330000
A25: Brocas de 1/4 3/8 1/2 | D25: Gl | E25: 250000 | F25: 1 | G25: =F25*E25 -> 250000
A26: Disco de pulir 4x4 | D26: UND | E26: 8000 | F26: 10 | G26: =F26*E26 -> 80000
A27: Disco de corte 14" | D27: UND | E27: 16000 | F27: 5 | G27: =F27*E27 -> 80000
G29: Sub-Total | H29: =SUM(G18:G28) -> 9794000
A30: III. TRANSPORTES
A31: Material | C31: Vol-peso ó Cant. | D31: Distancia | E31: M3-Km | F31: Tarifa | G31: Valor-Unit.
G36: Sub-Total | H36: =SUM(G32:G35) -> 0
A37: IV. MANO DE OBRA
A38: Trabajador | C38: Jornal | D38: Prestaciones | E38: Jornal Total | F38: Rendimiento | G38: Valor-Unit.
A39: HERRERO (2) | C39: =110000*2 -> 220000 | D39: 0.25 | E39: =+(C39*D39)+C39 -> 275000 | F39: 0.03 | G39: =+E39/F39 -> 9166666.7
A40: AYUDANTE (2) | C40: =60000*2 -> 120000 | D40: 0.25 | E40: =+(C40*D40)+C40 -> 150000 | F40: 0.031650021 | G40: =+E40/F40 -> 4739333.3
G45: Sub-Total | H45: =G39+G40 -> 13906000
E47: Total Costo Directo | H47: =H15+H29+H36+H45 -> 25000000
E48: Total Costo Directo Redondeado | H48: =ROUND(H47,0) -> 25000000

Sheet CUADRO RESUMEN
A2: DISTRITOS DE RIEGO /DRENAJE DPTO. DE ATLANTICO
A3: CUADRO RESUMEN DE CANTIDADES DE OBRA
A5: CONSTRUCCION DE PUENTES PEATONALES CANALES DE RIEGO / DRENAJE
A7: ITEM | B7: DESCRIPCION | C7: UNIDAD | D7: CANTIDAD | E7: VR. UNITARIO | F7: VR. TOTAL
A8: 1 | B8: EXCAVACION MANUAL | C8: m3 | D8: 2 | E8: ='EXCAVACION MANUAL'!J57 -> 48214.289 | F8: =+E8*D8 -> 96428.578
A9: 2 | B9: BASES EN CONCRETO REFORZADO | C9: UNIDAD | D9: 2 | E9: ='BASE EN CONCRETO'!J57 -> 199184.73 | F9: =+E9*D9 -> 398369.46
A10: 3 | B10: TABLERO EN CONCRETO DE 4000 PSI | C10: m | D10: 7 | E10: ='tablero en concreto 3000 psi'!J58 -> 760579.79 | F10: =+E10*D10 -> 5324058.5
A11: 4 | B11: BORDILLO GUARDA RUEDA | C11: m | D11: 14 | E11: =bordillo!J58 -> 136955.95 | F11: =+E11*D11 -> 1917383.3
A12: 5 | B12: BARANDA METALICA DOS LADOS | C12: UNIDAD | D12: 1 | E12: 2000000 | F12: =+E12*D12 -> 2000000
D13: TOTAL | F13: =SUM(F8:F12,) -> 9736239.9
D15: VALOR UNITARIO / METRO L | F15: =+F13/6 -> 1622706.6

Sheet EXCAVACION MANUAL
E3: ANÁLISIS DE PRECIOS UNITARIOS - A.P.U.
B7: OBJETO:
B9: ITEM: EXCAVACION MANUAL | F9: UNIDAD : m3
B11: 1. COSTOS DIRECTOS
B13: I. EQUIPO
B14: Descripción | E14: Tipo | F14: Tarifa/Dia | G14: Rendimiento | I14: Valor-Unit. | J14: VR. TOTAL
B15: HERRAMIENTA MENOR (10%MO) | I15: 4383.12 | J15: =+I15 -> 4383.12
I17: Sub-Total | J17: =SUM(J15:J16) -> 4383.12
B19: II. MATERIALES EN OBRA
B20: Descripción | E20: Unidad | F20: Cantidad | G20: Precio-Unit. | H20: Desp. | I20: Valor-Unit. | J20: VR. TOTAL
J22: =+I22 -> 0
J23: =+I23 -> 0
J24: =+I24 -> 0
J25: =+I25 -> 0
I26: Sub-Total | J26: =SUM(J21:J25) -> 0
B28: III. TRANSPORTES
B29: Recurso | C29: Unidad | D29: Vol. Peso ó Cant. | E29: Distancia (Km) | F29: Und-Km | G29: Tarifa/Und-km | I29: Valor-Unit. | J29: VR. TOTAL
I35: Sub-Total | J35: =SUM(J30:J34) -> 0
B37: IV. MANO DE OBRA
B38: Trabajador | D38: Jornal | E38: Prestaciones | F38: Jornal Total | G38: Rendimiento | I38: Valor-Unit. | J38: VR. TOTAL
B39: OFICIAL | D39: 65000 | E39: 0.25 | F39: =+(D39*E39)+D39 -> 81250 | G39: 3.85 | I39: =+F39/G39 -> 21103.896 | J39: =+I39 -> 21103.896
B40: AYUDANTE | D40: 70000 | E40: 0.25 | F40: =+(D40*E40)+D40 -> 87500 | G40: 3.85 | I40: =+F40/G40 -> 22727.273 | J40: =+I40 -> 22727.273
I41: Sub-Total | J41: =SUM(J39:J40) -> 43831.169
G43: TOTAL COSTOS DIRECTOS | J43: =SUM(J41,J35,J26,J17) -> 48214.289
B45: 2. COSTOS INDIRECTOS
B47: ELABORO: | C47: REVISÓ: | E47: APROBÓ: | G47: CONCEPTO | I47: % C.D. | J47: VALOR
G49: ADMINISTRACION | J49: =+I49*J43 -> 0
B51: FIRMA AUTORIZADA | G51: IMPREVISTOS | J51: =+I51*J43 -> 0
G53: UTILIDAD | J53: =+I53*J43 -> 0
G55: TOTAL COSTOS INDIRECTOS | J55: =SUM(J49,J51,J53) -> 0
G57: VALOR TOTAL | J57: =+J55+J43 -> 48214.289

Sheet BASE EN CONCRETO
E3: ANÁLISIS DE PRECIOS UNITARIOS - A.P.U.
B7: OBJETO:
B9: ITEM: BASE EN CONCRETO REFORZADO | F9: UNIDAD : UNIDAD
B11: 1. COSTOS DIRECTOS
B13: I. EQUIPO
B14: Descripción | E14: Tipo | F14: Tarifa/Dia | G14: Rendimiento | I14: Valor-Unit. | J14: VR. TOTAL
B15: VIBRADOR | F15: 120000 | G15: 4.5 | I15: =+F15/G15 -> 26666.667 | J15: =+I15 -> 26666.667
B16: HERRAMIENTA MENOR (10%MO) | I16: 3750 | J16: =+I16 -> 3750
I17: Sub-Total | J17: =SUM(J15:J16) -> 30416.667
B19: II. MATERIALES EN OBRA
B20: Descripción | E20: Unidad | F20: Cantidad | G20: Precio-Unit. | H20: Desp. | I20: Valor-Unit. | J20: VR. TOTAL
B21: CONCRETO 3000 PSI | F21: =0.4*0.4*1.5 -> 0.24 | G21: 335672.5 | H21: 0.03 | I21: =+((F21*H21)+F21)*G21 -> 82978.242 | J21: =+I21 -> 82978.242
B22: ACERO DE REFUERZO | F22: =19.12/2 -> 9.56 | G22: ='acero de refuerzo'!J43 -> 4904.1134 | H22: 0.03 | I22: 48289.82 | J22: =+I22 -> 48289.82
J23: =+I23 -> 0
J24: =+I24 -> 0
J25: =+I25 -> 0
I26: Sub-Total | J26: =SUM(J21:J25) -> 131268.06
B28: III. TRANSPORTES
B29: Recurso | C29: Unidad | D29: Vol. Peso ó Cant. | E29: Distancia (Km) | F29: Und-Km | G29: Tarifa/Und-km | I29: Valor-Unit. | J29: VR. TOTAL
I35: Sub-Total | J35: =SUM(J30:J34) -> 0
B37: IV. MANO DE OBRA
B38: Trabajador | D38: Jornal | E38: Prestaciones | F38: Jornal Total | G38: Rendimiento | I38: Valor-Unit. | J38: VR. TOTAL
B39: OFICIAL | D39: 65000 | E39: 0.25 | F39: =+(D39*E39)+D39 -> 81250 | G39: 4.5 | I39: =+F39/G39 -> 18055.556 | J39: =+I39 -> 18055.556
B40: AYUDANTE | D40: 70000 | E40: 0.25 | F40: =+(D40*E40)+D40 -> 87500 | G40: 4.5 | I40: =+F40/G40 -> 19444.444 | J40: =+I40 -> 19444.444
I41: Sub-Total | J41: =SUM(J39:J40) -> 37500
G43: TOTAL COSTOS DIRECTOS | J43: =SUM(J41,J35,J26,J17) -> 199184.73
B45: 2. COSTOS INDIRECTOS
B47: ELABORO: | C47: REVISÓ: | E47: APROBÓ: | G47: CONCEPTO | I47: % C.D. | J47: VALOR
G49: ADMINISTRACION | J49: =+I49*J43 -> 0
B51: FIRMA AUTORIZADA | G51: IMPREVISTOS | J51: =+I51*J43 -> 0
G53: UTILIDAD | J53: =+I53*J43 -> 0
G55: TOTAL COSTOS INDIRECTOS | J55: =SUM(J49,J51,J53) -> 0
G57: VALOR TOTAL | J57: =+J55+J43 -> 199184.73

Sheet tablero en concreto 3000 psi
E3: ANÁLISIS DE PRECIOS UNITARIOS - A.P.U.
B7: OBJETO:
B9: ITEM: TABLERO EN CONCRETO 4000 PSI | F9: UNIDAD : m
B11: 1. COSTOS DIRECTOS
B13: I. EQUIPO
B14: Descripción | E14: Tipo | F14: Tarifa/Dia | G14: Rendimiento | I14: Valor-Unit. | J14: VR. TOTAL
B15: VIBRADOR A GASOLINA | F15: 120000 | G15: 5 | I15: =+F15/G15 -> 24000 | J15: =+I15 -> 24000
B16: HERRAMIENTA MENOR (10%MO) | I16: 5125 | J16: =+I16 -> 5125
I18: Sub-Total | J18: =SUM(J15:J17) -> 29125
B20: II. MATERIALES EN OBRA
B21: Descripción | E21: Unidad | F21: Cantidad | G21: Precio-Unit. | H21: Desp. | I21: Valor-Unit. | J21: VR. TOTAL
B22: CONCRETO 3000 PSI | E22: m3 | F22: =0.2*1.5*1 -> 0.3 | G22: 335672.5 | H22: 0.03 | I22: =+((F22*H22)+F22)*G22 -> 103722.8 | J22: =+I22 -> 103722.8
B23: FORMALETA | E23: m | F23: 1 | G23: 134014.5 | H23: 0.03 | I23: =+((F23*H23)+F23)*G23 -> 138034.93 | J23: =+I23 -> 138034.93
B24: ACERO DE REFUERZO | E24: Kg | F24: 86.8 | G24: 4904.11 | H24: 0.03 | I24: =+((F24*H24)+F24)*G24 -> 438447.05 | J24: =+I24 -> 438447.05
J25: =+I25 -> 0
J26: =+I26 -> 0
I27: Sub-Total | J27: =SUM(J22:J26) -> 680204.79
B29: III. TRANSPORTES
B30: Recurso | C30: Unidad | D30: Vol. Peso ó Cant. | E30: Distancia (Km) | F30: Und-Km | G30: Tarifa/Und-km | I30: Valor-Unit. | J30: VR. TOTAL
I36: Sub-Total | J36: =SUM(J31:J35) -> 0
B38: IV. MANO DE OBRA
B39: Trabajador | D39: Jornal | E39: Prestaciones | F39: Jornal Total | G39: Rendimiento | I39: Valor-Unit. | J39: VR. TOTAL
B40: OFICIAL | D40: 65000 | E40: 0.25 | F40: =+(D40*E40)+D40 -> 81250 | G40: 5 | I40: =+F40/G40 -> 16250 | J40: =+I40 -> 16250
B41: AYUDANTE | D41: 140000 | E41: 0.25 | F41: =+(D41*E41)+D41 -> 175000 | G41: 5 | I41: =+F41/G41 -> 35000 | J41: =+I41 -> 35000
I42: Sub-Total | J42: =SUM(J40:J41) -> 51250
G44: TOTAL COSTOS DIRECTOS | J44: =SUM(J42,J36,J27,J18) -> 760579.79
B46: 2. COSTOS INDIRECTOS
B48: ELABORO: | C48: REVISÓ: | E48: APROBÓ: | G48: CONCEPTO | I48: % C.D. | J48: VALOR
G50: ADMINISTRACION | J50: =+I50*J44 -> 0
B52: FIRMA AUTORIZADA | G52: IMPREVISTOS | J52: =+I52*J44 -> 0
G54: UTILIDAD | J54: =+I54*J44 -> 0
G56: TOTAL COSTOS INDIRECTOS | J56: =SUM(J50,J52,J54) -> 0
G58: VALOR TOTAL | J58: =+J56+J44 -> 760579.79

Sheet bordillo
E3: ANÁLISIS DE PRECIOS UNITARIOS - A.P.U.
B7: OBJETO:
B9: ITEM: BORDILLO GUARDA RUEDA EN CONCRETO 3000 PSI | F9: UNIDAD : m
B11: 1. COSTOS DIRECTOS
B13: I. EQUIPO
B14: Descripción | E14: Tipo | F14: Tarifa/Dia | G14: Rendimiento | I14: Valor-Unit. | J14: VR. TOTAL
B15: VIBRADOR A GASOLINA | F15: 120000 | G15: 30 | I15: =+F15/G15 -> 4000 | J15: =+I15 -> 4000
B16: HERRAMIENTA MENOR (10%MO) | I16: 854.17 | J16: =+I16 -> 854.17
I18: Sub-Total | J18: =SUM(J15:J17) -> 4854.17
B20: II. MATERIALES EN OBRA
B21: Descripción | E21: Unidad | F21: Cantidad | G21: Precio-Unit. | H21: Desp. | I21: Valor-Unit. | J21: VR. TOTAL
B22: CONCRETO 3000 PSI | E22: m3 | F22: =0.2*0.2*1 -> 0.04 | G22: 335672.5 | H22: 0.03 | I22: =+((F22*H22)+F22)*G22 -> 13829.707 | J22: =+I22 -> 13829.707
B23: FORMALETA | E23: m | F23: 0.5 | G23: 134014.5 | H23: 0.03 | I23: =+((F23*H23)+F23)*G23 -> 69017.467 | J23: =+I23 -> 69017.467
B24: ACERO DE REFUERZO | E24: Kg | F24: 8.06 | G24: 4904.11 | H24: 0.03 | I24: =+((F24*H24)+F24)*G24 -> 40712.94 | J24: =+I24 -> 40712.94
J25: =+I25 -> 0
J26: =+I26 -> 0
I27: Sub-Total | J27: =SUM(J22:J26) -> 123560.11
B29: III. TRANSPORTES
B30: Recurso | C30: Unidad | D30: Vol. Peso ó Cant. | E30: Distancia (Km) | F30: Und-Km | G30: Tarifa/Und-km | I30: Valor-Unit. | J30: VR. TOTAL
I36: Sub-Total | J36: =SUM(J31:J35) -> 0
B38: IV. MANO DE OBRA
B39: Trabajador | D39: Jornal | E39: Prestaciones | F39: Jornal Total | G39: Rendimiento | I39: Valor-Unit. | J39: VR. TOTAL
B40: OFICIAL | D40: 65000 | E40: 0.25 | F40: =+(D40*E40)+D40 -> 81250 | G40: 30 | I40: =+F40/G40 -> 2708.3333 | J40: =+I40 -> 2708.3333
B41: AYUDANTE | D41: 140000 | E41: 0.25 | F41: =+(D41*E41)+D41 -> 175000 | G41: 30 | I41: =+F41/G41 -> 5833.3333 | J41: =+I41 -> 5833.3333
I42: Sub-Total | J42: =SUM(J40:J41) -> 8541.6667
G44: TOTAL COSTOS DIRECTOS | J44: =SUM(J42,J36,J27,J18) -> 136955.95
B46: 2. COSTOS INDIRECTOS
B48: ELABORO: | C48: REVISÓ: | E48: APROBÓ: | G48: CONCEPTO | I48: % C.D. | J48: VALOR
G50: ADMINISTRACION | J50: =+I50*J44 -> 0
B52: FIRMA AUTORIZADA | G52: IMPREVISTOS | J52: =+I52*J44 -> 0
G54: UTILIDAD | J54: =+I54*J44 -> 0
G56: TOTAL COSTOS INDIRECTOS | J56: =SUM(J50,J52,J54) -> 0
G58: VALOR TOTAL | J58: =+J56+J44 -> 136955.95

Sheet concreto 3000 PSI
E3: ANÁLISIS DE PRECIOS UNITARIOS - A.P.U.
B7: OBJETO:
B9: ITEM: CONCRETO 3000 PSI (BASICO) | F9: UNIDAD : m3
B11: 1. COSTOS DIRECTOS
B13: I. EQUIPO
B14: Descripción | E14: Tipo | F14: Tarifa/Dia | G14: Rendimiento | I14: Valor-Unit. | J14: VR. TOTAL
B15: MEZCLADORA 2 BULTOS | F15: 80000 | G15: 6 | I15: =+F15/G15 -> 13333.333 | J15: =+I15 -> 13333.333
B16: HERRAMIENTA MENOR (10%MO) | I16: =+J42*0.1 -> 4270.8333 | J16: =+I16 -> 4270.8333
I18: Sub-Total | J18: =SUM(J15:J17) -> 17604.167
B20: II. MATERIALES EN OBRA
B21: Descripción | E21: Unidad | F21: Cantidad | G21: Precio-Unit. | H21: Desp. | I21: Valor-Unit. | J21: VR. TOTAL
B22: CEMENTO | E22: Kg | F22: 350 | G22: 520 | H22: 0.03 | I22: =+((F22*H22)+F22)*G22 -> 187460 | J22: =+I22 -> 187460
B23: ARENA DE RIO | E23: m3 | F23: 0.55 | G23: 30000 | H23: 0.03 | I23: =+G23*F23 -> 16500 | J23: =+I23 -> 16500
B24: TRITURADO T.M.. 3/4" | E24: m3 | F24: 0.84 | G24: 85000 | H24: 0.03 | I24: =+G24*F24 -> 71400 | J24: =+I24 -> 71400
J25: =+I25 -> 0
J26: =+I26 -> 0
I27: Sub-Total | J27: =SUM(J22:J26) -> 275360
B29: III. TRANSPORTES
B30: Recurso | C30: Unidad | D30: Vol. Peso ó Cant. | E30: Distancia (Km) | F30: Und-Km | G30: Tarifa/Und-km | I30: Valor-Unit. | J30: VR. TOTAL
I36: Sub-Total | J36: =SUM(J31:J35) -> 0
B38: IV. MANO DE OBRA
B39: Trabajador | D39: Jornal | E39: Prestaciones | F39: Jornal Total | G39: Rendimiento | I39: Valor-Unit. | J39: VR. TOTAL
B40: OFICIAL | D40: 65000 | E40: 0.25 | F40: =+(D40*E40)+D40 -> 81250 | G40: 6 | I40: =+F40/G40 -> 13541.667 | J40: =+I40 -> 13541.667
B41: AYUDANTE | D41: 140000 | E41: 0.25 | F41: =+(D41*E41)+D41 -> 175000 | G41: 6 | I41: =+F41/G41 -> 29166.667 | J41: =+I41 -> 29166.667
I42: Sub-Total | J42: =SUM(J40:J41) -> 42708.333
G44: TOTAL COSTOS DIRECTOS | J44: =SUM(J42,J36,J27,J18) -> 335672.5
B46: 2. COSTOS INDIRECTOS
B48: ELABORO: | C48: REVISÓ: | E48: APROBÓ: | G48: CONCEPTO | I48: % C.D. | J48: VALOR
G50: ADMINISTRACION | I50: 0 | J50: =+I50*J44 -> 0
B52: FIRMA AUTORIZADA | G52: IMPREVISTOS | I52: 0 | J52: =+I52*J44 -> 0
G54: UTILIDAD | I54: 0 | J54: =+I54*J44 -> 0
G56: TOTAL COSTOS INDIRECTOS | J56: =SUM(J50,J52,J54) -> 0
G58: VALOR TOTAL | J58: =+J56+J44 -> 335672.5

Sheet concreto 4000 PSI
E3: ANÁLISIS DE PRECIOS UNITARIOS - A.P.U.
B7: OBJETO:
B9: ITEM: CONCRETO 4000 PSI (BASICO) | F9: UNIDAD : m3
B11: 1. COSTOS DIRECTOS
B13: I. EQUIPO
B14: Descripción | E14: Tipo | F14: Tarifa/Dia | G14: Rendimiento | I14: Valor-Unit. | J14: VR. TOTAL
B15: MEZCLADORA 2 BULTOS | F15: 80000 | G15: 6 | I15: =+F15/G15 -> 13333.333 | J15: =+I15 -> 13333.333
B16: HERRAMIENTA MENOR (10%MO) | I16: =+J42*0.1 -> 4270.8333 | J16: =+I16 -> 4270.8333
I18: Sub-Total | J18: =SUM(J15:J17) -> 17604.167
B20: II. MATERIALES EN OBRA
B21: Descripción | E21: Unidad | F21: Cantidad | G21: Precio-Unit. | H21: Desp. | I21: Valor-Unit. | J21: VR. TOTAL
B22: CEMENTO | E22: Kg | F22: 455 | G22: 520 | H22: 0.03 | I22: =+((F22*H22)+F22)*G22 -> 243698 | J22: =+I22 -> 243698
B23: ARENA DE RIO | E23: m3 | F23: 0.47 | G23: 30000 | H23: 0.03 | I23: =+G23*F23 -> 14100 | J23: =+I23 -> 14100
B24: TRITURADO T.M.. 3/4" | E24: m3 | F24: 0.772 | G24: 85000 | H24: 0.03 | I24: =+G24*F24 -> 65620 | J24: =+I24 -> 65620
J25: =+I25 -> 0
J26: =+I26 -> 0
I27: Sub-Total | J27: =SUM(J22:J26) -> 323418
B29: III. TRANSPORTES
B30: Recurso | C30: Unidad | D30: Vol. Peso ó Cant. | E30: Distancia (Km) | F30: Und-Km | G30: Tarifa/Und-km | I30: Valor-Unit. | J30: VR. TOTAL
I36: Sub-Total | J36: =SUM(J31:J35) -> 0
B38: IV. MANO DE OBRA
B39: Trabajador | D39: Jornal | E39: Prestaciones | F39: Jornal Total | G39: Rendimiento | I39: Valor-Unit. | J39: VR. TOTAL
B40: OFICIAL | D40: 65000 | E40: 0.25 | F40: =+(D40*E40)+D40 -> 81250 | G40: 6 | I40: =+F40/G40 -> 13541.667 | J40: =+I40 -> 13541.667
B41: AYUDANTE | D41: 140000 | E41: 0.25 | F41: =+(D41*E41)+D41 -> 175000 | G41: 6 | I41: =+F41/G41 -> 29166.667 | J41: =+I41 -> 29166.667
I42: Sub-Total | J42: =SUM(J40:J41) -> 42708.333
G44: TOTAL COSTOS DIRECTOS | J44: =SUM(J42,J36,J27,J18) -> 383730.5
B46: 2. COSTOS INDIRECTOS
B48: ELABORO: | C48: REVISÓ: | E48: APROBÓ: | G48: CONCEPTO | I48: % C.D. | J48: VALOR
G50: ADMINISTRACION | I50: 0 | J50: =+I50*J44 -> 0
B52: FIRMA AUTORIZADA | G52: IMPREVISTOS | I52: 0 | J52: =+I52*J44 -> 0
G54: UTILIDAD | I54: 0 | J54: =+I54*J44 -> 0
G56: TOTAL COSTOS INDIRECTOS | J56: =SUM(J50,J52,J54) -> 0
G58: VALOR TOTAL | J58: =+J56+J44 -> 383730.5

Sheet acero de refuerzo
E3: ANÁLISIS DE PRECIOS UNITARIOS - A.P.U.
B7: OBJETO:
B9: ITEM: ACERO DE REFUERZO (BASICO) | F9: UNIDAD : Kg
B11: 1. COSTOS DIRECTOS
B13: I. EQUIPO
B14: Descripción | E14: Tipo | F14: Tarifa/Dia | G14: Rendimiento | I14: Valor-Unit. | J14: VR. TOTAL
B15: HERRAMIENTA MENOR (10%MO) | I15: =+J41*0.1 -> 12.5 | J15: =+I15 -> 12.5
I17: Sub-Total | J17: =SUM(J15:J16) -> 12.5
B19: II. MATERIALES EN OBRA
B20: Descripción | E20: Unidad | F20: Cantidad | G20: Precio-Unit. | H20: Desp. | I20: Valor-Unit. | J20: VR. TOTAL
B21: ACERO DE REFUERZO 60000 PSI | E21: Kg | F21: 1 | G21: 4610.29 | H21: 0.03 | I21: =+(F21*H21*G21)+G21 -> 4748.5987 | J21: =+I21 -> 4748.5987
B22: ALAMBRE NEGRO PARA AMARRE | E22: Kg | F22: 0.0025 | G22: 6996 | H22: 0.03 | I22: =+(((F22*H22)+F22)*G22) -> 18.0147 | J22: =+I22 -> 18.0147
J24: =+I24 -> 0
J25: =+I25 -> 0
I26: Sub-Total | J26: =SUM(J21:J25) -> 4766.6134
B28: III. TRANSPORTES
B29: Recurso | C29: Unidad | D29: Vol. Peso ó Cant. | E29: Distancia (Km) | F29: Und-Km | G29: Tarifa/Und-km | I29: Valor-Unit. | J29: VR. TOTAL
I35: Sub-Total | J35: =SUM(J30:J34) -> 0
B37: IV. MANO DE OBRA
B38: Trabajador | D38: Jornal | E38: Prestaciones | F38: Jornal Total | G38: Rendimiento | I38: Valor-Unit. | J38: VR. TOTAL
B39: OFICIAL | D39: 65000 | E39: 0.25 | F39: =+(D39*E39)+D39 -> 81250 | G39: 700 | I39: =+F39/G39 -> 116.07143 | J39: =+I39 -> 116.07143
B40: AYUDANTE | D40: 70000 | E40: 0.25 | F40: =+(D40*E40)+D40 -> 87500 | G40: 700 | I40: =+F40/G40 -> 125 | J40: =+I40 -> 125
I41: Sub-Total | J41: =SUM(J40:J40) -> 125
G43: TOTAL COSTOS DIRECTOS | J43: =SUM(J41,J35,J26,J17) -> 4904.1134
B45: 2. COSTOS INDIRECTOS
B47: ELABORO: | C47: REVISÓ: | E47: APROBÓ: | G47: CONCEPTO | I47: % C.D. | J47: VALOR
G49: ADMINISTRACION | I49: 0 | J49: =+I49*J43 -> 0
B51: FIRMA AUTORIZADA | G51: IMPREVISTOS | I51: 0 | J51: =+I51*J43 -> 0
G53: UTILIDAD | I53: 0 | J53: =+I53*J43 -> 0
G55: TOTAL COSTOS INDIRECTOS | J55: =SUM(J49,J51,J53) -> 0
G57: VALOR TOTAL | J57: =+J55+J43 -> 4904.1134

Sheet FORMALETA
E3: ANÁLISIS DE PRECIOS UNITARIOS - A.P.U.
B7: OBJETO:
B9: ITEM: FORMALETA (BASICO) | F9: UNIDAD : m
B11: 1. COSTOS DIRECTOS
B13: I. EQUIPO
B14: Descripción | E14: Tipo | F14: Tarifa/Dia | G14: Rendimiento | I14: Valor-Unit. | J14: VR. TOTAL
B15: HERRAMIENTA MENOR (10%MO) | I15: =+J41*0.1 -> 854.16667 | J15: =+I15 -> 854.16667
I17: Sub-Total | J17: =SUM(J15:J16) -> 854.16667
B19: II. MATERIALES EN OBRA
B20: Descripción | E20: Unidad | F20: Cantidad | G20: Precio-Unit. | H20: Desp. | I20: Valor-Unit. | J20: VR. TOTAL
B21: CHAZAS 1,4 X 0,7 | E21: UNIDAD | F21: 4.5 | G21: 10000 | H21: 0.03 | I21: =+((F21*H21)+F21)*G21 -> 46350 | J21: =+I21 -> 46350
B22: GATOS | E22: UNIDAD | F22: 4 | G22: =(5000*14)/6 -> 11666.667 | H22: 0.03 | I22: 48066.67 | J22: =+I22 -> 48066.67
B23: CERCHAS | E23: UNIDAD | F23: 1.7 | G23: =(14*5000)/6 -> 11666.667 | H23: 0.03 | I23: 20428.33 | J23: =+I23 -> 20428.33
B24: LISTONES | E24: UNIDAD | F24: 1 | G24: 6489 | H24: 0.03 | I24: 6683.67 | J24: =+I24 -> 6683.67
B25: PUNTILLAS | E25: LB | F25: 0.5 | G25: 6000 | H25: 0.03 | I25: =+((F25*H25)+F25)*G25 -> 3090 | J25: =+I25 -> 3090
I26: Sub-Total | J26: =SUM(J21:J25) -> 124618.67
B28: III. TRANSPORTES
B29: Recurso | C29: Unidad | D29: Vol. Peso ó Cant. | E29: Distancia (Km) | F29: Und-Km | G29: Tarifa/Und-km | I29: Valor-Unit. | J29: VR. TOTAL
I35: Sub-Total | J35: =SUM(J30:J34) -> 0
B37: IV. MANO DE OBRA
B38: Trabajador | D38: Jornal | E38: Prestaciones | F38: Jornal Total | G38: Rendimiento | I38: Valor-Unit. | J38: VR. TOTAL
B39: OFICIAL | D39: 65000 | E39: 0.25 | F39: =+(D39*E39)+D39 -> 81250 | G39: 30 | I39: =+F39/G39 -> 2708.3333 | J39: =+I39 -> 2708.3333
B40: AYUDANTE | D40: 140000 | E40: 0.25 | F40: =+(D40*E40)+D40 -> 175000 | G40: 30 | I40: =+F40/G40 -> 5833.3333 | J40: =+I40 -> 5833.3333
I41: Sub-Total | J41: =SUM(J39:J40) -> 8541.6667
G43: TOTAL COSTOS DIRECTOS | J43: =SUM(J41,J35,J26,J17) -> 134014.5
B45: 2. COSTOS INDIRECTOS
B47: ELABORO: | C47: REVISÓ: | E47: APROBÓ: | G47: CONCEPTO | I47: % C.D. | J47: VALOR
G49: ADMINISTRACION | I49: 0 | J49: =+I49*J43 -> 0
B51: FIRMA AUTORIZADA | G51: IMPREVISTOS | I51: 0 | J51: =+I51*J43 -> 0
G53: UTILIDAD | I53: 0 | J53: =+I53*J43 -> 0
G55: TOTAL COSTOS INDIRECTOS | J55: =SUM(J49,J51,J53) -> 0
G57: VALOR TOTAL | J57: =+J55+J43 -> 134014.5

Sheet Hoja1
B3: REPUBLICA DE COLOMBIA | F3: ANÁLISIS DE PRECIOS UNITARIOS
B7: ITEM: SUMINISTRO E INSTALACION DE BARANDAS | H7: UNIDAD : UND
B9: I. EQUIPO
B10: Descripción | E10: Tipo | F10: Tarifa/Hora | G10: Rendimiento | H10: Valor-Unit.
B11: Planta electrica | E11: GL | H11: 100000
B12: Equipo de Soldadura | E12: GL | H12: 250000
B13: Cortadora | E13: GL | H13: 100000
B14: Herramientas Menores | E14: GL | H14: 319666.67
H16: Sub-Total | I16: =SUM(H11:H14,) -> 769666.67
B17: II. MATERIALES EN OBRA
B18: Descripción | E18: Unidad | F18: Precio-Unit. | G18: Cantidad | H18: Valor-Unit.
B19: Disco de corte 4x4 | E19: UND | F19: 7000 | G19: 6 | H19: =G19*F19 -> 42000
B20: Tubo de hierro 2" | E20: UND | F20: =350000/6 -> 58333.333 | G20: 1 | H20: =G20*F20 -> 58333.333
B21: soldadura 6011x1/8 | E21: KG | F21: 14000 | G21: 10 | H21: =G21*F21 -> 140000
B22: soldadura 7011x1/8 | E22: KG | F22: 15000 | G22: 10 | H22: =G22*F22 -> 150000
B23: Tornilleria | E23: UND | F23: 2200 | G23: 100 | H23: =G23*F23 -> 220000
B24: Brocas de 1/4 3/8 1/2 | E24: Gl | F24: 250000 | G24: 1 | H24: =G24*F24 -> 250000
B25: Disco de pulir 4x4 | E25: UND | F25: 8000 | G25: 5 | H25: =G25*F25 -> 40000
B26: Disco de corte 14" | E26: UND | F26: 16000 | G26: 5 | H26: =G26*F26 -> 80000
H28: Sub-Total | I28: =SUM(H19:H27) -> 980333.33
B29: III. TRANSPORTES
B30: Material | D30: Vol-peso ó Cant. | E30: Distancia | F30: M3-Km | G30: Tarifa | H30: Valor-Unit.
H35: Sub-Total | I35: =SUM(H31:H34) -> 0
B36: IV. MANO DE OBRA
B37: Trabajador | D37: Jornal | E37: Prestaciones | F37: Jornal Total | G37: Rendimiento | H37: Valor-Unit.
B38: HERRERO (2) | D38: =110000*2 -> 220000 | E38: 0.25 | F38: =+(D38*E38)+D38 -> 275000 | G38: 0.5 | H38: =+F38/G38 -> 550000
B39: AYUDANTE (2) | D39: =60000*2 -> 120000 | E39: 0.25 | F39: =+(D39*E39)+D39 -> 150000 | G39: 0.5 | H39: =+F39/G39 -> 300000
H44: Sub-Total | I44: =H38+H39 -> 850000
F46: Total Costo Directo | I46: =I16+I28+I35+I44 -> 2600000
F47: Total Costo Directo Redondeado | I47: =ROUND(I46,0) -> 2600000

Sheet Hoja2
D4: ANÁLISIS DE PRECIOS UNITARIOS - A.P.U.
A8: OBJETO: RELLENO MATERIAL SELECCIONADO
A10: ITEM: | E10: UNIDAD : m3
A12: 1. COSTOS DIRECTOS
A14: I. EQUIPO
A15: Descripción | D15: Tipo | E15: Tarifa/Dia | F15: Rendimiento | H15: Valor-Unit. | I15: VR. TOTAL
A16: HERRAMIENTA MENOR (10%MO) | H16: =+I42*0.1 -> 3375 | I16: =+H16 -> 3375
H18: Sub-Total | I18: =SUM(I16:I17) -> 3375
A20: II. MATERIALES EN OBRA
A21: Descripción | D21: Unidad | E21: Cantidad | F21: Precio-Unit. | G21: Desp. | H21: Valor-Unit. | I21: VR. TOTAL
A22: materialseleccionado | D22: M3 | E22: 1 | F22: 28000 | G22: 0.03 | H22: =(E22*G22+E22)*F22 -> 28840 | I22: =H22 -> 28840
I23: =+H23 -> 0
I24: =+H24 -> 0
I25: =+H25 -> 0
I26: =+H26 -> 0
H27: Sub-Total | I27: =SUM(I22:I26) -> 28840
A29: III. TRANSPORTES
A30: Recurso | B30: Unidad | C30: Vol. Peso ó Cant. | D30: Distancia (Km) | E30: Und-Km | F30: Tarifa/Und-km | H30: Valor-Unit. | I30: VR. TOTAL
H36: Sub-Total | I36: =SUM(I31:I35) -> 0
A38: IV. MANO DE OBRA
A39: Trabajador | C39: Jornal | D39: Prestaciones | E39: Jornal Total | F39: Rendimiento | H39: Valor-Unit. | I39: VR. TOTAL
A40: OFICIAL | C40: 65000 | D40: 0.25 | E40: =+(C40*D40)+C40 -> 81250 | F40: 5 | H40: =+E40/F40 -> 16250 | I40: =+H40 -> 16250
A41: AYUDANTE | C41: 70000 | D41: 0.25 | E41: =+(C41*D41)+C41 -> 87500 | F41: 5 | H41: =+E41/F41 -> 17500 | I41: =+H41 -> 17500
H42: Sub-Total | I42: =SUM(I40:I41) -> 33750
F44: TOTAL COSTOS DIRECTOS | I44: =SUM(I42,I36,I27,I18) -> 65965
A46: 2. COSTOS INDIRECTOS
A48: ELABORO: | B48: REVISÓ: | D48: APROBÓ: | F48: CONCEPTO | H48: % C.D. | I48: VALOR
F50: ADMINISTRACION | I50: =+H50*I44 -> 0
H51: 0
A52: FIRMA AUTORIZADA | F52: IMPREVISTOS | I52: =+H52*I44 -> 0
F54: UTILIDAD | I54: =+H54*I44 -> 0
F56: TOTAL COSTOS INDIRECTOS | I56: =SUM(I50,I52,I54) -> 0
F58: VALOR TOTAL | I58: =+I56+I44 -> 65965
